 Dungeon Crawl Stone Soup version 0.27.1-3-gb3d3a73c9e (webtiles) character file.

Game seed: 11752378121025167541

65 Trumpetguy the Chiller (level 3, 0/19 HPs)
             Began as a Deep Elf Ice Elementalist on Oct 5, 2021.
             Was a Follower of Dithmenos.
             Frozen to death by an endoplasm (4 damage)
             ... on level 2 of the Dungeon.
             The game lasted 00:13:10 (1675 turns).

Trumpetguy the Chiller (Deep Elf Ice Elementalist)  Turns: 1675, Time: 00:13:11

Health: 0/19       AC:  2    Str:  5    XL:     3   Next: 92%
Magic:  0/9        EV: 13    Int: 20    God:    Dithmenos [*.....]
Gold:   84         SH:  0    Dex: 15    Spells: 1/8 levels left

rFire    . . .     SeeInvis .   (no weapon)
rCold    . . .     Faith    .   (no shield)
rNeg     . . .     Spirit   .   a - +0 robe
rPois    .         Reflect  .   (no helmet)
rElec    .         Harm     .   (no cloak)
rCorr    .         Rampage  .   (no gloves)
Will     .....                  (no boots)
Stlth    +++.......             (no amulet)
HPRegen  0.06/turn              (no ring)
MPRegen  0.11/turn              (no ring)

@: wreathed by umbra
A: no striking features
a: Renounce Religion


You were on level 2 of the Dungeon.
You worshipped Dithmenos.
Dithmenos was aware of your devotion.
You visited 1 branch of the dungeon, and saw 2 of its levels.

You collected 84 gold pieces.

Inventory:

Armour
 a - a +0 robe (worn)
Scrolls
 c - a scroll of teleportation {unknown}
 d - a scroll of fear {unknown}
 f - a scroll of fog {unknown}
 h - a scroll of noise {unknown}
Potions
 b - a potion of brilliance {unknown}
 e - a potion of curing {unknown}
 g - a potion of heal wounds {unknown}


   Skills:
 * Level 3.4 Dodging
 * Level 3.3 Stealth
 - Level 3.3 Spellcasting
 + Level 5.2 Ice Magic


You had one spell level left.
You knew the following spells:

 Your Spells              Type           Power      Damage    Failure   Level
a - Freeze                Ice            96%        1d11      1%          1
b - Frozen Ramparts       Ice            48%        1d6       4%          3
c - Ozocubu's Armour      Ice            24%        N/A       4%          3

Your spell library contained the following spells:

 Spells                   Type           Power      Damage    Failure   Level
 Beastly Appendage        Tmut           6%         N/A       14%         1
 Wereblood                Tmut           3%         N/A       22%         2
 Spider Form              Tmut/Pois      1%         N/A       38%         3
 Hailstorm                Conj/Ice       13%        3d5       43%         4


Dungeon Overview and Level Annotations

Branches:
Dungeon (2/15)

Altars:
Dithmenos


Message History

You miscast Freeze.
You are very lightly contaminated with residual magic.
Nothing appears to happen.
The wall freezes the kobold.
You kill the kobold!
Dithmenos accepts your kill.
Casting: Freeze (safe; 1% risk of failure)
Confirm with . or Enter, or press ? or * to list all spells.
Aiming: Freeze (safe; 1% risk of failure)
Press: ? - help, Shift-Dir - straight line, f/p - worm
Aim: a worm (almost dead, umbra)
You freeze the worm!
You kill the worm!
Dithmenos accepts your kill.
You start resting.
An endoplasm comes into view.
An endoplasm is nearby!
The frozen ramparts melt away.
Your magical contamination has completely faded away.
You are too injured to fight recklessly!
Casting: Freeze (safe; 1% risk of failure)
Confirm with . or Enter, or press ? or * to list all spells.
Aiming: Freeze (safe; 1% risk of failure)
Press: ? - help, Shift-Dir - straight line, f - endoplasm
Aim: an endoplasm (wandering, hasn't noticed you, umbra)
You freeze the endoplasm.
The endoplasm is moderately wounded.
The endoplasm closely misses you.
Casting: Freeze (safe; 1% risk of failure)
Confirm with . or Enter, or press ? or * to list all spells.
Aiming: Freeze (safe; 1% risk of failure)
Press: ? - help, Shift-Dir - straight line, f/p - endoplasm
Aim: an endoplasm (moderately wounded, umbra)
You freeze the endoplasm.
The endoplasm is almost dead.
The endoplasm freezes you.
You are frozen.
* * * LOW HITPOINT WARNING * * *
The endoplasm freezes you.
You are frozen.
You die...

####..####.# #...#
#.......##.# #...#
##....##.####..†#### .#
#..#.##............ ...
#..................
#..##..................
#........#######...####
#.###..### #...# #.@#
#...# ##.###J.# #...#
#..)†...# ##.##
#.#######


You could see an endoplasm.

Vanquished Creatures
  2 adders (D:1)
  A worm (D:2)
  2 dart slugs
  A bat (D:1)
  3 endoplasms
  A giant cockroach (D:1)
  3 goblins
  4 hobgoblins
  5 kobolds
  3 quokkas
  2 ball pythons
  3 frilled lizards (D:1)
  10 rats (D:1)
40 creatures vanquished.

Notes
Turn   | Place    | Note
-------+----------+-------------------------------------------
     0 | D:1      | Trumpetguy the Deep Elf Ice Elementalist began the quest
                  | for the Orb.
     0 | D:1      | Reached XP level 1. HP: 10/10 MP: 6/6
   229 | D:1      | Reached XP level 2. HP: 15/15 MP: 2/8
   977 | D:1      | Reached XP level 3. HP: 19/19 MP: 7/9
  1239 | D:1      | Learned a level 3 spell: Frozen Ramparts
  1243 | D:1      | Learned a level 3 spell: Ozocubu's Armour
  1263 | D:1      | Reached skill level 5 in Ice Magic
  1539 | D:2      | Found a faded altar of an unknown god.
  1542 | D:2      | Became a worshipper of Dithmenos the Shadowed
  1542 | D:2      | Reached * piety under Dithmenos
  1675 | D:2      | Frozen to death by an endoplasm

Illustrated notes

Levels and vault maps discovered:
D:1:      mrwooster_arrival_statue, layout_loops_ring, minmay_rat_gold_closets
D:2:      layout_loops_cross, shapermc_ecumenical_altar_venn, serial_shops,
          nicolae_shop_crystal, minmay_tall_x

Skill      XL: |  1  2  3 |
---------------+----------+-----
Stealth        | 3 |  3.3
Dodging        | 3 |  3.4
Ice Magic      | 5 |  5.2
Spellcasting   | |  3.3

Action                   || total
-------------------------++-------
Melee: Unarmed           ||     1
 Cast: Freeze            ||    61
       Ozocubu's Armour  ||     1
       Frozen Ramparts   ||     1
Armor: Robe              ||     7
Dodge: Dodged            ||    28
